 Dungeon Crawl Stone Soup version 0.18.1-5-g4a78601 (webtiles) character file.

1009 dvd the Grave Robber (level 8, -1/64 HPs)
             Began as a Deep Dwarf Necromancer on May 11, 2016.
             Slain by Menkaure (19 damage)
             ... on level 6 of the Dungeon.
             The game lasted 00:16:26 (4757 turns).

dvd the Grave Robber (Deep Dwarf Necromancer)       Turns: 4757, Time: 00:16:27

Health: -1/64      AC:  4    Str: 11    XL:     8   Next: 1%
Magic:  14/16      EV: 14    Int: 19    God:
Gold:   173        SH:  0    Dex: 13    Spells: 3 memorised, 9 levels left

rFire  . . .     SeeInvis .     B - +1 whip (elec)
rCold  . . .     Gourm    .     h - +0 robe
rNeg   . . .     Faith    .     (no shield)
rPois  .         Spirit   .     (no helmet)
rElec  .         Dismiss  .     G - +0 cloak
rCorr  .         Reflect  .     F - +0 pair of gloves
SustAt .         Harm     .     (no boots)
MR     +....                    (no amulet)
Stlth  ++........               (no ring)
                                (no ring)

@: non-regenerating, somewhat resistant to hostile enchantments, unstealthy
A: damage resistance, recharge devices, sense surroundings 1, slow regeneration
3
a: Device Recharging


You were on level 6 of the Dungeon.
You were not hungry.

You visited 1 branch of the dungeon, and saw 6 of its levels.

You collected 173 gold pieces.

Inventory:

Hand Weapons
 a - a +2 whip of draining
 i - a +0 spear
 l - a +0 hand axe
 y - a +0 quarterstaff
 B - a +1 whip of electrocution (weapon)
Armour
 h - a +0 robe (worn)
 F - a +0 pair of gloves (worn)
 G - a +0 cloak (worn)
Magical Staves
 w - an uncursed staff of conjuration
Wands
 c - a wand of heal wounds (2/9)
 n - a wand of polymorph (15/24)
 H - a wand of heal wounds (6/9)
Scrolls
 f - 5 scrolls of remove curse {unknown}
 g - 2 scrolls of random uselessness {unknown}
 j - 2 scrolls of enchant armour {unknown}
 k - 9 scrolls of identify {unknown}
 m - a scroll of magic mapping {unknown}
 o - 3 scrolls of teleportation {unknown}
 v - a scroll of blinking {unknown}
 z - a scroll of amnesia {unknown}
 C - 3 scrolls of recharging {unknown}
Potions
 e - a potion of degeneration {unknown}
 p - 2 potions of lignification {unknown}
 q - a potion of mutation {unknown}
 r - a potion of flight {unknown}
 s - 2 potions of curing {unknown}
 t - 3 potions of agility {unknown}
 u - 3 potions of heal wounds
 x - a potion of haste {unknown}
 A - 2 potions of brilliance {unknown}
Books
 b - a book of Necromancy

   Spells                             Type                      Level
   a - Pain                           Necromancy                   1
   b - Animate Skeleton               Necromancy                   1
   c - Vampiric Draining              Necromancy                   3
   d - Regeneration                   Charms/Necromancy            3
   e - Animate Dead                   Necromancy                   4
   f - Control Undead                 Necromancy                   4
Comestibles
 d - 2 bread rations
 D - 3 chunks of flesh
 E - 3 fruits


   Skills:
 + Level 1.2 Fighting
 + Level 0.4(0.6) Axes
 + Level 0.4(0.6) Maces & Flails
 + Level 0.1(0.3) Staves
 + Level 4.3 Dodging
 + Level 3.7 Stealth
 + Level 5.3 Spellcasting
 + Level 7.1 Necromancy


You had 9 spell levels left.
You knew the following spells:

 Your Spells              Type           Power        Failure   Level  Hunger
a - Pain                  Necr           ####         1%          1    None
b - Vampiric Draining     Necr           ####......   1%          3    ##.....
c - Animate Dead          Necr           N/A          10%         4    ####...


Dungeon Overview and Level Annotations

Branches:
Dungeon (6/15)
 Temple: D:4-7

Altars:
Ashenzari
Cheibriados
Pakellas
Trog
Vehumet
Xom
Yredelemnul

Annotations:
D:6 Menkaure


Innate Abilities, Weirdness & Mutations

You are resistant to damage.
You can recharge devices by infusing magical energy.
You passively map a small area around you.
You do not regenerate naturally.


Message History

Drink which item? (? for menu, Esc to quit)
It was a potion of heal wounds.
You feel much better.
Menkaure murmurs in an indecipherable tongue.
Menkaure hits you.
Unknown command.
You barely miss Menkaure.
Menkaure is moderately damaged.
Menkaure calls on the powers of darkness!
Your body is wracked with pain!
You barely miss Menkaure.
Menkaure is moderately damaged.
Menkaure hits you.
You hit Menkaure.
There is a sudden explosion of sparks!
Menkaure is almost destroyed.
Menkaure hits you. Menkaure hits you!
* * * LOW HITPOINT WARNING * * *
You barely miss Menkaure.
Menkaure is almost destroyed.
Menkaure hits you!!
You die...

,, *, * , , , * * ,
, , , ,** ** , .. *
*, #. , *
##.######## ** , ,
#.........######* ,
#......M@......# ,
#....####.##...# ..
#>..####..# # ***
##.#####.........#
,, ,
..........#####..##
....................
,
######.#######..####
* * #.#........#. ,
, #####.#.#<.......
, ,


You could see Menkaure.

Vanquished Creatures
  2 phantoms
  An ice beast (D:5)
  An ogre (D:4)
  A giant frog (D:4)
  2 scorpions
  A jelly (D:5)
  3 hounds
  A centaur skeleton (D:4)
  2 orc priests
  An iguana (D:5)
  2 orc wizards (D:5)
  A worker ant (D:5)
  9 adders
  2 worms
  2 dart slugs
  A giant gecko (D:3)
  7 orcs
  6 giant cockroaches
  8 goblins
  11 hobgoblins
  11 jackals
  2 ball pythons
  10 bats
  8 giant newts
  A jackal zombie (D:5)
  12 kobolds
  8 rats
116 creatures vanquished.

Vanquished Creatures (collateral kills)
  A giant gecko (D:5)
  2 orcs (D:4)
3 creatures vanquished.

Grand Total: 119 creatures vanquished

Notes
Turn   | Place    | Note
--------------------------------------------------------------
     0 | D:1      | dvd the Deep Dwarf Necromancer began the quest for the Orb.
     0 | D:1      | Reached XP level 1. HP: 15/15 MP: 3/3
   216 | D:1      | Reached XP level 2. HP: 19/22 MP: 0/4
   856 | D:1      | Reached skill level 5 in Necromancy
   856 | D:1      | Reached XP level 3. HP: 24/28 MP: 1/6
   861 | D:1      | Learned a level 3 spell: Vampiric Draining
  1426 | D:2      | Found a bloodstained altar of Trog.
  1467 | D:2      | Reached XP level 4. HP: 36/36 MP: 2/8
  2245 | D:3      | Reached XP level 5. HP: 29/42 MP: 4/10
  2602 | D:3      | Found an oddly glowing altar of Pakellas.
  2613 | D:3      | Found a snail-covered altar of Cheibriados.
  2626 | D:3      | Found a shattered altar of Ashenzari.
  2638 | D:3      | Found a basalt altar of Yredelemnul.
  2819 | D:3      | Found a radiant altar of Vehumet.
  2944 | D:3      | Learned a level 4 spell: Animate Dead
  2980 | D:4      | Noticed a phantom
  3068 | D:3      | Killed a phantom
  3068 | D:3      | Reached skill level 6 in Necromancy
  3068 | D:3      | Reached XP level 6. HP: 23/50 MP: 11/11
  3424 | D:4      | Reached skill level 1 in Fighting
  3576 | D:4      | Found a shimmering altar of Xom.
  3722 | D:4      | Reached XP level 7. HP: 28/57 MP: 1/13
  3892 | D:5      | Entered Level 5 of the Dungeon
  4443 | D:5      | Reached skill level 5 in Spellcasting
  4607 | D:5      | Reached skill level 7 in Necromancy
  4713 | D:6      | Reached XP level 8. HP: 35/64 MP: 11/16
  4749 | D:6      | Noticed Menkaure
  4757 | D:6      | Slain by Menkaure

Skill      XL: |  1  2  3  4  5  6  7 |
---------------+----------------------+-----
Spellcasting   | 2 3 4 5 |  5.3
Necromancy     | 5 6 7 |  7.1
Dodging        | 3 4 |  4.3
Stealth        | 3 |  3.7
Fighting       | 1 |  1.2
Axes           | |  0.4
Maces & Flails | |  0.4
Staves         | |  0.1

Action                   |  1- 3 |  4- 6 |  7- 9 || total
-------------------------+-------+-------+-------++-------
Melee: Spear             |     1 |       |       ||     1
       Hand axe          |     5 |    53 |       ||    58
       Quarterstaff      |       |     7 |       ||     7
       Whip              |       |    51 |    58 ||   109
 Cast: Pain              |    63 |    41 |    15 ||   119
       Vampiric Draining |     3 |    24 |    16 ||    43
       Animate Dead      |       |     4 |     1 ||     5
Evoke: Wand              |       |     3 |       ||     3
  Use: Potion            |       |       |     1 ||     1
 Stab: Sleeping          |     1 |     4 |     3 ||     8
  Eat: Chunk             |     3 |     9 |     5 ||    17
Armor: Robe              |       |    11 |     6 ||    17
Dodge: Dodged            |     8 |    92 |    38 ||   138
